[Event "44th Chess Olympiad Open 2022"]
[Site "Chennai"]
[Date "2022.07.31"]
[Round "3.47"]
[White "Greet, Andrew N"]
[Black "Mwale, Joseph"]
[Result "1-0"]
[WhiteElo "2392"]
[BlackElo "2131"]
[Annotator "RC"]
[PlyCount "117"]
[EventDate "2022.??.??"]
[TimeControl "60"]

1. d4 Nf6 2. c4 e6 3. Nc3 Bb4 4. e3 d5 5. a3 Bxc3+ 6. bxc3 c5 7. cxd5 exd5 8. Bd3 O-O 9. Ne2 Nc6 10. O-O Re8 11. f3 Rb8 12. Rb1 a6 13.
a4 Bd7 14. Ng3 Qc7 15. Kh1 g6 16. e4 cxd4 17. cxd4 Be6 18. e5 Nd7 19. Ba3 Qa5 20. Bd6 Rbc8 21. f4 Nxd4 22. f5 Nxf5 23. Nxf5 gxf5 24. Rxf5 Nf8 25. Bb4 Qd8 26. Rh5 Ng6 27. Bd2 Qd7 28. h3 Rc6 29. Bg5 Bf5 30. Bf6 Bxd3 31. Qxd3 Qc7 32. Qd2 Nxe5 33. Qh6 Rxf6 34. Qxf6 Re6 35. Qg5+ Ng6 36. Qxd5 Rc6 37. Rf1 Rc1 38. Rhf5 Rxf1+ 39. Rxf1 b6 40. Qa8+ Kg7 41. Qxa6 Nf4 42. Qb5 Ne6 43. Qb2+ Kg8 44. Rc1 Qd7 45. Qc2 Qd5 46. Qc8+ Kg7 47. Qc3+ f6 48. Rf1 Qg5 49. Qc6 Qe3 50. Rb1 Ng5 51. Qxb6 Qg3 52. Qd4 Kg6 53. Rf1 f5 54. Qf4 Qd3 55. Rc1 Qd5 56. Rb1 Ne6 57. Rb6 Kg7 58. Qd6 Qc4 59. Qe7+ 1-0

[Event "44th Chess Olympiad Open 2022"]
[Site "Chennai"]
[Date "2022.07.31"]
[Round "3.47"]
[White "Olson, Hamish"]
[Black "Matola Ernest"]
[Result "1-0"]
[WhiteElo "2343"]
[BlackElo "1964"]
[Annotator "RC"]
[PlyCount "65"]
[EventDate "2022.??.??"]
[TimeControl "60"]

1. e4 e5 2. Nf3 Nf6 3. Nxe5 d6 4. Nf3 Nxe4 5. Qe2 Qe7 6.
d3 Nc5 7. Nc3 Qxe2+ 8. Bxe2 Be7 9. d4 Ne6 10. O-O O-O 11.
Re1 Bf6 12. Be3 a6 13. Ne4 Be7 14. d5 Nd8 15. c4 b6 16. Nd4 Re8 17. Bd3 Nd7 18. Bc2 h6 19. h3 Nc5 20. Nc3 Bd7 21. b4 Ncb7 22. Bf5 Bxf5 23. Nxf5 Bf6 24. Bd4 Be5 25. f4 Bxd4+ 26. Nxd4 Rxe1+ 27. Rxe1 Kf8 28. a3 Rc8 29. Nc6 Nxc6 30. dxc6 Nd8 31. b5 f5 32. Nd5 axb5 33. cxb5 1-0

[Event "44th Chess Olympiad Open 2022"]
[Site "Chennai"]
[Date "2022.07.31"]
[Round "3.47"]
[White "Chimthere, Alfred Charles"]
[Black "Waldhausen Gordon, Frederick"]
[Result "1/2-1/2"]
[WhiteElo "2035"]
[BlackElo "2028"]
[Annotator "NA RC"]
[PlyCount "99"]
[EventDate "2022.??.??"]
[TimeControl "60"]

1. d4 d5 2. c4 e6 3. Nf3 Nf6 4. Bg5 Be7 5. Nbd2 h6 6. Bh4 O-O 7. e3 b6 8. Bd3 Bb7 9. O-O Nbd7 10. Qe2 Ne4 11. Bxe7 Qxe7 12. cxd5 exd5 13. Ba6 Bxa6 14. Qxa6 c5 15. Qb7 Nxd2 16. Nxd2 Qd6 17. Qa6 cxd4 18. exd4 Rac8 19. Rac1 Rxc1 20. Rxc1 Nf6 21. Rc8 Qb4 22. Rxf8+ Kxf8 23. Qc8+ Ke7 24. Qc7+ Nd7 25. Qc3 Qxc3 26. bxc3 Kd6 27. Kf1 Kc6 28. Ke2 Nf6 29. f3 Kb5 30. Kd3 Ka4 31. c4 Kb4 32. g3 dxc4+ 33.
Nxc4 Ne8 34. Ne5 Nd6 35. Nc6+ Ka3 36. Nxa7 Kxa2 37. d5 Ka3 38. Nc6 b5 39. Kc3 h5 40. h4 g6 41. g4 Ka4 42. Nb4 f6 43. Nd3 Ka3 44. Kd4 Nb7 45. Kc3 Nd6 46. Nb4 Nb7 47. Nc2+ Ka4 48. Nb4 Nd6 49. Nc6 Nb7 50. Nb4 1/2-1/2

[Event "44th Chess Olympiad Open 2022"]
[Site "Chennai"]
[Date "2022.07.31"]
[Round "3.47"]
[White "Nyambalo, Joseph Xavier"]
[Black "Gourlay, Iain"]
[Result "1/2-1/2"]
[WhiteElo "1981"]
[BlackElo "2321"]
[Annotator "RC"]
[PlyCount "124"]
[EventDate "2022.??.??"]
[TimeControl "60"]

1. c4 e6 2. g3 d5 3. Bg2 Nf6 4. Nf3 dxc4 5. Qa4+ Bd7 6. Qxc4 c5 7. Ne5 Qc8 8. Nc3 Nc6 9. Nxd7 Qxd7 10. O-O Be7 11. d3 O-O 12. Bg5 b6 13.
a3 Rac8 14. Rad1 Nd4 15. Bxf6 Bxf6 16. e3 b5 17. Qa2 Nf5 18. Ne4 Bd8 19. a4 a6 20. Rc1 Be7 21. Rfd1 Rfd8 22. axb5 Qxb5 23. Bf1 Qb6 24. Rc4 Rb8 25. Rd2 Nd6 26. Nxd6 Rxd6 27. Rdc2 Rd7 28. Qa4 Rdd8 29. Qa3 Bf8 30. Qc3 g6 31. Ra4 Rdc8 32. Qc4 a5 33. Bg2 Rd8 34. Bf1 Rdc8 35. Qa2 Bg7 36. Rxa5 Qb4 37. Qa3 Qe1 38. Raxc5 Rxc5 39. Qxc5 Bxb2 40. d4 Qb4 41. Qxb4 Rxb4 42. Kg2 Kg7 43. h4 Rb7 44. Ba6 Rb6 45. Be2 h5 46. Bf3 Ba3 47. d5 exd5 48.
Bxd5 Rd6 49. e4 Rd7 50. Rc8 Bd6 51. Rc6 Be5 52. f4 Bd4 53.
Rc4 Bb6 54. Rb4 Bc5 55. Rb5 Rc7 56. Rb2 Bd4 57. Rd2 Be3 58.
Re2 Bd4 59. e5 Rc5 60. e6 fxe6 61. Bxe6 Rb5 62. Kf3 Rb2 1/2-1/2

[Event "44th Chess Olympiad Open 2022"]
[Site "Chennai"]
[Date "2022.07.31"]
[Round "3.48"]
[White "Kobese, Watu"]
[Black "Gabriel, Davidson"]
[Result "1/2-1/2"]
[WhiteElo "2311"]
[BlackElo "1915"]
[Annotator "RC"]
[PlyCount "82"]
[EventDate "2022.??.??"]
[TimeControl "60"]

1. e4 e5 2. Nf3 Nc6 3. Bb5 a6 4. Ba4 Nf6 5. O-O Be7 6. Re1 b5 7. Bb3 O-O 8. h3 Bb7 9. d3 h6 10. a4 Na5 11. Ba2 d6 12. Nbd2 c5 13.
Nf1 Bc8 14. Ng3 Be6 15. Nh2 Nc6 16. f4 exf4 17. Bxf4 Ne5 18. Nf3 Ng6 19. Bd2 Qd7 20. Rf1 d5 21. Qe2 dxe4 22. Nxe4 Bxa2 23. Rxa2 Nxe4 24. Qxe4 Rae8 25. axb5 axb5 26. Ra6 Rc8 27. Rfa1 Rfe8 28. Ra7 Rc7 29. Rxc7 Qxc7 30. Ra8 Rxa8 31. Qxa8+ Kh7 32. Qe8 Ne5 33. Nxe5 Qxe5 34. Qxf7 Bf6 35. Qd7 Qxb2 36. Qf5+ Kg8 37. Qc8+ Kh7 38. Qf5+ Kg8 39. Qc8+ Kf7 40. Qd7+ Kg6 41. Qg4+ Kh7 1/2-1/2

[Event "44th Chess Olympiad Open 2022"]
[Site "Chennai"]
[Date "2022.07.31"]
[Round "3.48"]
[White "Barrish, Daniel"]
[Black "Guillaume, Jude Mirvens"]
[Result "1-0"]
[WhiteElo "2283"]
[BlackElo "2022"]
[Annotator "RC"]
[PlyCount "61"]
[EventDate "2022.??.??"]
[TimeControl "60"]

1. d4 d5 2. c4 e6 3. Nc3 Nf6 4. cxd5 exd5 5. Bg5 Be7 6. e3 c6 7. Bd3 Be6 8. Nge2 Nbd7 9. Nf4 Qc7 10. Qc2 Rc8 11. O-O O-O 12. Bxh7+ Nxh7 13. Bxe7 Rfe8 14. Nxe6 fxe6 15. Bh4 e5 16. Bg3 Qd8 17. dxe5 Nxe5 18. Qb3 Kh8 19. Qxb7 a5 20. Rad1 Rb8 21. Qa7 Qf6 22. e4 Rxb2 23. exd5 Nf3+ 24. gxf3 Qxf3 25. Qd4 Rb4 26. Qd3 Qg4 27. Rfe1 Rd8 28. Re4 Rxe4 29. Qxe4 Qxe4 30. Nxe4 cxd5 31. Nd6 1-0

[Event "44th Chess Olympiad Open 2022"]
[Site "Chennai"]
[Date "2022.07.31"]
[Round "3.48"]
[White "Jean Louis, Marckens"]
[Black "Solomon, Kenny"]
[Result "0-1"]
[WhiteElo "2050"]
[BlackElo "2355"]
[Annotator "RC"]
[PlyCount "104"]
[EventDate "2022.??.??"]
[TimeControl "60"]

1. e4 c5 2. Nf3 d6 3. Nc3 Nf6 4. d4 cxd4 5. Nxd4 a6 6. Be2 e5 7. Nb3 Be7 8. Be3 Be6 9. f4 exf4 10. Bxf4 Nc6 11. O-O O-O 12. Kh1 Ne5 13. Nd4 Rc8 14. Nxe6 fxe6 15. Bxe5 dxe5 16. Qxd8 Bxd8 17. Bd3 Ba5 18. Nd1 Nxe4 19. Rxf8+ Rxf8 20. a3 Bd2 21. g3 Nd6 22. Kg2 e4 23. Be2 Rc8 24. c3 e3 25. a4 Rc5 26. Ra3 Kf8 27. b4 Rc8 28.
Kf3 Ke7 29. Bd3 e5 30. Ke2 e4 31. Bb1 Kf6 32. Rb3 Ke5 33. Ba2 h5 34. b5 axb5 35. axb5 Ra8 36. Bb1 b6 37. Nxe3 Bxe3 38. Kxe3 Nc4+ 39. Ke2 Rd8 40. Rb4 Rd2+ 41. Ke1 Rxh2 42. Rxc4 Rh1+ 43. Kf2 Rxb1 44. Ke3 Kf5 45. Rc7 g5 46. Rf7+ Kg4 47. c4 Kxg3 48. Kxe4 h4 49. Kd5 h3 50. Kc6 h2 51. Rh7 Rb4 52. Kxb6 Rxc4 0-1

[Event "44th Chess Olympiad Open 2022"]
[Site "Chennai"]
[Date "2022.07.31"]
[Round "3.48"]
[White "Etienne, Angelo"]
[Black "Mhango, Banele"]
[Result "0-1"]
[WhiteElo "2036"]
[BlackElo "2238"]
[Annotator "RC"]
[PlyCount "148"]
[EventDate "2022.??.??"]
[TimeControl "60"]

1. d4 Nf6 2. c4 g6 3. Nc3 Bg7 4. g3 d5 5. cxd5 Nxd5 6. Bg2 Nb6 7. Nf3 O-O 8. O-O Nc6 9. e3 Bg4 10. h3 Bd7 11. Qe2 Qc8 12. Kh2 Re8 13.
Bd2 e5 14. d5 Nb4 15. e4 c6 16. a3 Nc2 17. Rac1 Nd4 18. Qd3 Nxf3+ 19. Qxf3 Nc4 20. Qe2 Nxd2 21. Qxd2 Qd8 22. Rfd1 h5 23. dxc6 Bxc6 24. Nd5 Ba4 25. Re1 h4 26. Qb4 Bc6 27. Red1 Bh6 28. Rc3 Kg7 29. Rf3 Re6 30. Ne3 Qf8 31. Qxf8+ Rxf8 32. Nd5 Rd8 33. Rfd3 Bb5 34. Rc3 hxg3+ 35. Kxg3 Be2 36. Re1 Bh5 37. f4 exf4+ 38. Nxf4 Bxf4+ 39. Kxf4 Rd2 40. Bf1 Rxb2 41. e5 Kh6 42. Bc4 Rc6 43. Rec1 g5+ 44. Kg3 Rc5 45. e6 f5 46. R1c2 f4+ 47. Kf2 Rxc2+ 48. Rxc2 Bg6 49. e7 Re5 50. Re2 Rxe2+ 51. Kxe2 Be8 52. Kf3 Kg6 53. Be6 Kf6 54. Bc8 Bh5+ 55. Ke4 Bg6+ 56. Kf3 b6 57. Kg4 Be8 58. Bf5 a5 59. Bc8 b5 60. h4 gxh4 61. Kxh4 Kxe7 62. Bb7 Kf6 63. Kg4 Ke5 64. Kf3 Bh5+ 65. Kf2 Kd4 66. Bc6 b4 67. axb4 axb4 68. Bd7 b3 69. Be6 b2 70. Bf5 Kc3 71. Ke1 Bf7 72. Bb1 Bb3 73. Ke2 Bc2 74. Ba2 Kb4 0-1

[Event "44th Chess Olympiad Open 2022"]
[Site "Chennai"]
[Date "2022.07.31"]
[Round "3.49"]
[White "Tologontegin, Semetey"]
[Black "Gajadin, Dewperkash"]
[Result "1-0"]
[WhiteElo "2378"]
[BlackElo "1990"]
[Annotator "RC"]
[PlyCount "73"]
[EventDate "2022.??.??"]
[TimeControl "60"]

1. c4 c5 2. g3 Nf6 3. Bg2 g6 4. Nc3 Bg7 5. b3 O-O 6. Bb2 Nc6 7. d3 b6 8. e3 Bb7 9. Nge2 e6 10. e4 d5 11. exd5 exd5 12. Nxd5 Nxd5 13. Bxg7 Ndb4 14. Bc3 Nxd3+ 15. Kf1 Qd7 16. Nf4 Nce5 17. Bxe5 Bxg2+ 18. Kxg2 Qb7+ 19. Nd5 Nxe5 20. Re1 f6 21. f4 Nc6 22. Qg4 Rf7 23. f5 Kg7 24. Kg1 Ne5 25. Rxe5 fxe5 26. f6+ Rxf6 27. Nxf6 Kxf6 28. Rd1 Re8 29. Rd7 Qc6 30. Qh4+ Ke6 31. Qh3+ Kf6 32. Qxh7 Rf8 33. Qe7+ Kf5 34. Qxf8+ Kg4 35. h3+ Kxh3 36. Qh6+ Kxg3 37. Qg5+ 1-0

[Event "44th Chess Olympiad Open 2022"]
[Site "Chennai"]
[Date "2022.07.31"]
[Round "3.49"]
[White "Zhakshylykov, Erzhan"]
[Black "Sanches, Casanova Romario"]
[Result "1-0"]
[WhiteElo "2332"]
[BlackElo "2066"]
[Annotator "RC"]
[PlyCount "67"]
[EventDate "2022.??.??"]
[TimeControl "60"]

1. e4 c6 2. d4 d5 3. e5 Bf5 4. Nd2 e6 5. Nb3 Nd7 6. Nf3 h5 7. Be2 h4 8. h3 Be7 9. Bd2 Be4 10. O-O Bxf3 11. Bxf3 Nh6 12. Be2 Nf5 13. Bd3 g6 14. Qg4 Rh5 15. c4 Bg5 16. f4 Be7 17. cxd5 cxd5 18. Rfc1 a5 19. Bb5 a4 20. Nc5 Bxc5 21. dxc5 Kf8 22. Kh2 Kg7 23. Qd1 a3 24. b4 Nb8 25. Be2 Rh8 26. b5 Ng3 27. Rab1 Nxe2 28. Qxe2 Qd7 29. Rb4 Rc8 30. f5 exf5 31. Bg5 Rh8 32. Bf6+ Kg8 33. Bxh8 Kxh8 34. Rxh4+ 1-0

[Event "44th Chess Olympiad Open 2022"]
[Site "Chennai"]
[Date "2022.07.31"]
[Round "3.49"]
[White "Matoewi, Roger"]
[Black "Degenbaev, Aziz"]
[Result "1/2-1/2"]
[WhiteElo "2015"]
[BlackElo "2215"]
[Annotator "RC"]
[PlyCount "31"]
[EventDate "2022.??.??"]
[TimeControl "60"]

1. e4 c5 2. b3 d6 3. Bb5+ Bd7 4. a4 Nf6 5. Nc3 e6 6. Bb2 Be7 7. Nf3 O-O 8. O-O Nc6 9. Re1 Rc8 10. e5 Nxe5 11. Nxe5 dxe5 12. Re2 e4 13. Rxe4 a6 14. Re5 Bc6 15. Bd3 Bd6 16. Qe2 1/2-1/2

[Event "44th Chess Olympiad Open 2022"]
[Site "Chennai"]
[Date "2022.07.31"]
[Round "3.49"]
[White "Giasi, Viresh"]
[Black "Markov, Mikhail"]
[Result "0-1"]
[WhiteElo "2006"]
[BlackElo "2333"]
[Annotator "RC"]
[PlyCount "84"]
[EventDate "2022.??.??"]
[TimeControl "60"]

1. e4 c5 2. Nf3 d6 3. d4 cxd4 4. Nxd4 Nf6 5. Nc3 a6 6. Be2 e5 7. Nb3 Be6 8. Be3 Be7 9. O-O Nbd7 10. f4 exf4 11. Bxf4 Ne5 12. Bxe5 dxe5 13. Qxd8+ Rxd8 14. Rad1 O-O 15. Bf3 Rc8 16. Rc1 Ng4 17. Bxg4 Bxg4 18. h3 Be6 19. Nd2 Bg5 20. Rcd1 Be3+ 21. Kh2 Bd4 22. Ndb1 Rc5 23. Rf3 Rfc8 24. b4 Rc4 25. a3 g6 26. Ne2 Bb2 27. c3 Rxe4 28.
Rd2 Ba1 29. Rf1 Rc6 30. Rc1 Re3 31. Kg1 f5 32. g3 g5 33. Kf2 f4 34. Rg1 Kf7 35. h4 h6 36. hxg5 hxg5 37. Rh1 Bf5 38. gxf4 gxf4 39. Ra2 Be4 40. Rd1 Rh6 41. Nxf4 exf4 42. Rxa1 Rh2+ 0-1

[Event "44th Chess Olympiad Open 2022"]
[Site "Chennai"]
[Date "2022.07.31"]
[Round "3.50"]
[White "Aziz, Husain"]
[Black "Gemy, Jose Daniel"]
[Result "1-0"]
[WhiteElo "2380"]
[BlackElo "2373"]
[Annotator "RC"]
[PlyCount "97"]
[EventDate "2022.??.??"]
[TimeControl "60"]

1. d4 Nf6 2. c4 e6 3. Nf3 d5 4. Nc3 Bb4 5. Qb3 c5 6. dxc5 Nc6 7. Bg5 Qa5 8.
Bxf6 dxc4 9. Qxc4 gxf6 10. Rc1 Qxc5 11. Qh4 Ke7 12. g3 Bxc3+ 13. Rxc3 Qb4 14. Qxb4+ Nxb4 15. a3 Nd5 16. Rc1 Bd7 17. Bg2 Rhc8 18. O-O Rxc1 19. Rxc1 Rc8 20. Rxc8 Bxc8 21. Nd2 Nb6 22. b3 a5 23. f4 Nd7 24. Kf2 b6 25. Ke3 Ba6 26. Bf3 f5 27. Kd4 f6 28. b4 e5+ 29. Kc3 axb4+ 30. axb4 Bb5 31. Nf1 Ke6 32. Ne3 e4 33. Bh5 Ba6 34. Nc2 Nb8 35. Nd4+ Kd7 36. Bf7 Ke7 37. Bg8 h6 38. Bh7 Bb7 39. Nxf5+ Ke6 40. Nxh6 Na6 41. Bg8+ Kd7 42. Nf5 Nc7 43. Bc4 b5 44. Bb3 Bd5 45. Bc2 Bb7 46. Kd4 Na6 47. Bxe4 Bxe4 48. Kxe4 Nxb4 49. Nd4 1-0

[Event "44th Chess Olympiad Open 2022"]
[Site "Chennai"]
[Date "2022.07.31"]
[Round "3.50"]
[White "Bolanos, Fernando"]
[Black "Al-Homaid, Abdulla"]
[Result "1-0"]
[WhiteElo "2258"]
[BlackElo "1358"]
[Annotator "RC"]
[PlyCount "77"]
[EventDate "2022.??.??"]
[TimeControl "60"]

1. e4 e5 2. Nf3 Nc6 3. Bb5 a6 4. Ba4 Nf6 5. O-O b5 6. Bb3 Bc5 7. c3 d6 8. d4 Bb6 9. a4 Bg4 10. Bg5 O-O 11. Bd5 Qd7 12. Bxf6 gxf6 13. Bxc6 Qxc6 14. Nxe5 fxe5 15. Qxg4+ Kh8 16. dxe5 dxe5 17. Nd2 Qh6 18. Nf3 Rg8 19. Qf5 f6 20. axb5 axb5 21. Rxa8 Rxa8 22. Rd1 Qg7 23. g3 Bc5 24. Rd7 Qh6 25. Kg2 Bd6 26. h3 Qg6 27. Nh4 Qh6 28.
Qe6 Rg8 29. Nf5 Qg6 30. Rf7 b4 31. Rxf6 Qe8 32. Nxd6 cxd6 33. Qxd6 bxc3 34. bxc3 Qh5 35. Rf8 Qg5 36. Qb8 h6 37. Rxg8+ Qxg8 38. Qxg8+ Kxg8 39. f4 1-0

[Event "44th Chess Olympiad Open 2022"]
[Site "Chennai"]
[Date "2022.07.31"]
[Round "3.50"]
[White "Pinto, Daniel"]
[Black "Al-Sulaiti, Ghanem"]
[Result "0-1"]
[WhiteElo "2249"]
[BlackElo "2183"]
[Annotator "RC"]
[PlyCount "114"]
[EventDate "2022.??.??"]
[TimeControl "60"]

1. e4 c5 2. Nf3 Nc6 3. Bb5 g6 4. O-O Bg7 5. Re1 Nf6 6. e5 Nd5 7. Nc3 Nc7 8. Bxc6 dxc6 9. d3 Bg4 10. h3 Bxf3 11. Qxf3 Ne6 12. Bf4 O-O 13. Qe3 Qd4 14. Bh2 Qxe3 15. fxe3 f5 16. a3 a5 17. Rab1 a4 18. Rbd1 b5 19. d4 b4 20. Ne2 Bh6 21. Bf4 g5 22. Bg3 f4 23.
exf4 gxf4 24. Bh4 f3 25. gxf3 Rxf3 26. Kg2 Raf8 27. Ng1 R3f7 28. dxc5 Rg7+ 29. Bg3 Nf4+ 30. Kh2 Nh5 31. Ne2 Nxg3 32. Nxg3 Rf2+ 33. Kg1 Rd2 34. Rxd2 Bxd2 35. Re2 Rxg3+ 36. Kf2 bxa3 37. bxa3 Rxh3 38. Kg2 Rxa3 39. Rxd2 Rc3 40. Rd8+ Kf7 41. Rh8 a3 42. Rxh7+ Ke6 43. Kf2 a2 44. Rh1 Kxe5 45. Ke2 Rxc2+ 46. Kd3 Rxc5 47. Ra1 Ra5 48. Kc4 Kd6 49. Kb4 Ra8 50. Rd1+ Kc7 51. Ra1 e5 52. Kc5 e4 53. Kd4 Ra4+ 54. Kc3 Kd6 55. Kb3 Ra8 56. Kb2 Ke5 57. Rc1 a1=Q+ 0-1

[Event "44th Chess Olympiad Open 2022"]
[Site "Chennai"]
[Date "2022.07.31"]
[Round "3.50"]
[White "Yousuf M M Al Mutawa"]
[Black "Mendoza, Rodrigo"]
[Result "1/2-1/2"]
[WhiteElo "2120"]
[BlackElo "2215"]
[Annotator "RC"]
[PlyCount "77"]
[EventDate "2022.??.??"]
[TimeControl "60"]

1. e4 c6 2. d4 d5 3. exd5 cxd5 4. Bd3 Nf6 5. h3 Nc6 6. c3 Qc7 7. Nf3 g6 8. O-O Bg7 9. Re1 O-O 10. Qc2 Re8 11. Nbd2 Nh5 12. Nf1 Nf4 13. Ng3 Bd7 14. Be3 a6 15. Bf1 e5 16. Qd2 Ne6 17. dxe5 Nxe5 18. Nxe5 Bxe5 19. Ne2 Qd6 20. Nd4 Nc5 21. Bd3 Ne4 22. Qc2 Rad8 23.
Rad1 Qc7 24. Nf3 Bg7 25. Qb3 b5 26. a3 Nc5 27. Qc2 Nxd3 28.
Qxd3 Bf5 29. Qd2 a5 30. Bd4 f6 31. Nh2 Qc6 32. Nf1 Kf7 33.
Ng3 Bc8 34. Ne2 Re4 35. Ng3 Ree8 36. Ne2 Re4 37. Ng3 Ree8 38. Ne2 g5 39. Be3 1/2-1/2

[Event "44th Chess Olympiad Open 2022"]
[Site "Chennai"]
[Date "2022.07.31"]
[Round "3.51"]
[White "Saraci, Nderim"]
[Black "Beukes, Dante M"]
[Result "1-0"]
[WhiteElo "2495"]
[BlackElo "2234"]
[Annotator "RC"]
[PlyCount "109"]
[EventDate "2022.??.??"]
[TimeControl "60"]

1. Nf3 Nf6 2. g3 g6 3. Bg2 Bg7 4. O-O O-O 5. d4 d6 6. c4 c5 7. Nc3 Nc6 8. dxc5 dxc5 9. Be3 Be6 10. Qa4 Nd4 11. Bxd4 cxd4 12. Nb5 Bd7 13. Qb3 Ne4 14. Rad1 Bxb5 15. Qxb5 Nd6 16. Qa4 Qb6 17. c5 Qxc5 18. Nxd4 Rac8 19. b4 Qb6 20. e3 Rc4 21. a3 Bxd4 22. Rxd4 Rxd4 23. exd4 Nb5 24. Re1 Rc8 25. h4 Kf8 26. h5 Rd8 27. d5 Nc3 28. Qb3 Qd4 29. Re3 Rc8 30. d6 exd6 31. Bxb7 Rc7 32. Bf3 Qd2 33. Kg2 d5 34. b5 Qd4 35. h6 Qc4 36. Qb2 d4 37. Re1 Nxb5 38.
Re5 a6 39. a4 Qxa4 40. Qd2 Qa3 41. Qg5 Qd6 42. Rd5 f6 43. Qd2 Qe7 44. Qa5 Nd6 45. Qxa6 Nf5 46. Qa8+ Kf7 47. Qh8 Ke6 48. Qg8+ Qf7 49. Qb8 Qe7 50. Rd8 Qc5 51. Qb3+ Ke7 52. Qg8 Qb5 53. Rb8 Qa5 54. Qe8+ Kd6 55. Rd8+ 1-0

[Event "44th Chess Olympiad Open 2022"]
[Site "Chennai"]
[Date "2022.07.31"]
[Round "3.51"]
[White "Makolli, Perparim"]
[Black "Khoa, Goodwill"]
[Result "1-0"]
[WhiteElo "2247"]
[BlackElo "1850"]
[Annotator "RC"]
[PlyCount "47"]
[EventDate "2022.??.??"]
[TimeControl "60"]

1. e4 c5 2. Nf3 d6 3. c3 Nf6 4. Bc4 Nc6 5. d3 a6 6. a4 g6 7. O-O Bg7 8. h3 O-O 9. Bb3 Qc7 10. Re1 Bd7 11. d4 cxd4 12. cxd4 Na5 13. Ba2 Rac8 14. Nc3 b5 15. axb5 axb5 16. e5 dxe5 17. dxe5 Rcd8 18. exf6 exf6 19. Nd5 Qb7 20. Qd4 Bc6 21. Nxf6+ Kh8 22. Qh4 h5 23. Nxh5 Rd4 24. Nxd4 1-0

[Event "44th Chess Olympiad Open 2022"]
[Site "Chennai"]
[Date "2022.07.31"]
[Round "3.51"]
[White "Eichab, Charles"]
[Black "Saraci, Korab"]
[Result "0-1"]
[WhiteElo "2048"]
[BlackElo "2287"]
[Annotator "RC"]
[PlyCount "66"]
[EventDate "2022.??.??"]
[TimeControl "60"]

1. c4 Nf6 2. g3 e6 3. Bg2 d5 4. Nf3 Be7 5. O-O O-O 6. d4 Nbd7 7. Nc3 c6 8.
Qd3 c5 9. cxd5 exd5 10. e4 cxd4 11. Nxd5 Nxd5 12. exd5 Bf6 13. Nxd4 Nc5 14. Qd1 b6 15. b4 Na4 16. Be3 Bd7 17. Rc1 Rc8 18. Qb3 b5 19. Nc6 Rxc6 20. dxc6 Be6 21. Qd1 Qe7 22. Bc5 Nxc5 23. Rxc5 a6 24. c7 Rc8 25. a3 Rxc7 26. Qc1 Ra7 27. Re1 g6 28. Bh3 Bd4 29. Rc6 Qf6 30. Re2 Qf3 31. Rexe6 Bxf2+ 32. Kf1 Bxg3+ 33. Kg1 Qf2+ 0-1

[Event "44th Chess Olympiad Open 2022"]
[Site "Chennai"]
[Date "2022.07.31"]
[Round "3.51"]
[White "Ndahangwapo, Heskiel"]
[Black "Asllani, Muhamet"]
[Result "1-0"]
[WhiteElo "1904"]
[BlackElo "2235"]
[Annotator "RC"]
[PlyCount "155"]
[EventDate "2022.??.??"]
[TimeControl "60"]

1. d4 Nf6 2. c4 d5 3. g3 dxc4 4. Nf3 c6 5. a4 Bf5 6. Bg2 e6 7. O-O Be7 8.
Nbd2 O-O 9. Nxc4 Nbd7 10. b3 Nd5 11. Bb2 Nb4 12. Nfe5 Bc2 13.
Qc1 Nb6 14. Bc3 Bf5 15. e4 Bg6 16. Qd2 Na6 17. Rfd1 Qc7 18.
h4 Rad8 19. Qe2 Nxc4 20. bxc4 f6 21. Nxg6 hxg6 22. Qg4 Kf7 23. d5 Qc8 24. Bh3 Nc5 25. h5 g5 26. Bd4 f5 27. exf5 exf5 28.
Qxf5+ Qxf5 29. Bxf5 cxd5 30. Bxc5 Bxc5 31. cxd5 Ke7 32. g4 Kd6 33. Rab1 b6 34. a5 Rde8 35. axb6 axb6 36. Rd2 Re5 37. Be6 Re4 38. Kg2 Rff4 39. Ra1 Ra4 40. Rxa4 Rxa4 41. Rb2 Ra5 42. Kf3 Ke5 43. Re2+ Kd4 44. Rd2+ Kc3 45. Ke2 Bd6 46. Bf5 b5 47. f3 b4 48. Rc2+ Kd4 49. Be4 Bc5 50. Rd2+ Ke5 51. Kd3 Ra3+ 52. Kc4 Kd6 53. Rh2 Rc3+ 54. Kb5 b3 55. h6 gxh6 56. Rxh6+ Ke5 57. Re6+ Kd4 58. d6 b2 59. d7 Rb3+ 60. Ka6 Ra3+ 61. Kb7 b1=Q+ 62. Bxb1 Ra7+ 63. Kc8 Ra8+ 64. Kc7 Ra7+ 65. Kc6 Ra6+ 66. Kb5 Rxe6 67. d8=Q+ Bd6 68. Qb6+ Ke5 69. Bf5 Re7 70. Qe3+ Kf6 71. Qd4+ Be5 72. Qb6+ Kf7 73. Qg6+ Kf8 74. Qxg5 Bg7 75. Qg6 Rf7 76. Qd6+ Re7 77. Bg6 Be5 78. Qd8+ 1-0

[Event "44th Chess Olympiad Open 2022"]
[Site "Chennai"]
[Date "2022.07.31"]
[Round "3.52"]
[White "Castro Torres, Jose Luis"]
[Black "Fates, Omer Salah"]
[Result "1-0"]
[WhiteElo "2326"]
[BlackElo "1940"]
[Annotator "RC"]
[PlyCount "31"]
[EventDate "2022.??.??"]
[TimeControl "60"]

1. e4 e6 2. d4 d5 3. Nd2 Nf6 4. e5 Nfd7 5. Bd3 Nc6 6. c3 Nb6 7. Qg4 Bd7 8. h4 Qe7 9. h5 h6 10. Ne2 O-O-O 11. a4 a5 12. Nf3 Qe8 13. b3 f6 14. Bg6 Qe7 15. Ba3 Nxd4 16. cxd4 1-0

[Event "44th Chess Olympiad Open 2022"]
[Site "Chennai"]
[Date "2022.07.31"]
[Round "3.52"]
[White "Castro Silva, Moises Antonio"]
[Black "Naser Eldean, Ahmed"]
[Result "1/2-1/2"]
[WhiteElo "2237"]
[BlackElo "1941"]
[Annotator "RC"]
[PlyCount "105"]
[EventDate "2022.??.??"]
[TimeControl "60"]

1. e4 e6 2. d4 d5 3. Nd2 Nc6 4. Ngf3 Nf6 5. e5 Nd7 6. c3 f6 7. exf6 Qxf6 8. Nb3 h6 9. Bd3 e5 10. dxe5 Ndxe5 11. Nxe5 Nxe5 12. O-O Bd6 13. Be2 Be6 14. Be3 O-O 15. Nc5 b6 16. Nxe6 Qxe6 17. Re1 c6 18. f4 Nd7 19. Bg4 Qf7 20. Bxb6 Rae8 21. Rxe8 Rxe8 22. Bxa7 Nc5 23. Bxc5 Bxc5+ 24. Kh1 Qxf4 25. Bd7 Bd6 26.
Qg1 Re2 27. a4 Qe4 28. b4 Bb8 29. Bh3 g5 30. Qb1 g4 31. Qxe4 Rxe4 32. Bxg4 Rxg4 33. b5 Rc4 34. b6 Rxc3 35. a5 Rb3 36. Kg1 Be5 37. a6 Bd4+ 38. Kf1 Bxb6 39. a7 Bxa7 40. Rxa7 Rc3 41. Rd7 Rc2 42. h3 h5 43. g3 Rh2 44. Rd6 Rc2 45. Rh6 d4 46. Rxh5 d3 47. Ke1 c5 48. h4 c4 49. Rc5 c3 50. Kd1 Rd2+ 51. Kc1 Rc2+ 52. Kd1 Kg7 53. h5 1/2-1/2

[Event "44th Chess Olympiad Open 2022"]
[Site "Chennai"]
[Date "2022.07.31"]
[Round "3.52"]
[White "Alhassadi, Yousef A."]
[Black "Palomo, Franklin Annervys"]
[Result "0-1"]
[WhiteElo "2068"]
[BlackElo "2324"]
[Annotator "RC"]
[PlyCount "116"]
[EventDate "2022.??.??"]
[TimeControl "60"]

1. e4 c5 2. c3 d5 3. exd5 Qxd5 4. Nf3 Nf6 5. Na3 e6 6. Nc2 Be7 7. d4 cxd4 8. Qxd4 Nc6 9. Qxd5 Nxd5 10. Ncd4 Nxd4 11. Nxd4 Bd7 12. Bc4 Nb6 13. Bd3 Na4 14. O-O Nc5 15. Bc2 O-O 16. a4 Rac8 17. Rd1 Rfd8 18. Be3 Be8 19. Kf1 g6 20. Ke2 e5 21. Nf3 f6 22. Rxd8 Bxd8 23.
b4 Ne6 24. Bb3 Bf7 25. Kd2 a6 26. Bd5 Rc7 27. Rd1 Be7 28. g3 Kg7 29. h4 Nd4 30. Bxf7 Nxf3+ 31. Ke2 Kxf7 32. Kxf3 Ke6 33. Bd2 Kd5 34. Rb1 Kc4 35. Ke2 Rd7 36. b5 axb5 37. Rxb5 Bc5 38. Rb2 b6 39. Be3 Kxc3 40. Rb5 Kc4 41. Rb1 Ra7 42. Rc1+ Kd5 43. Ra1 f5 44. Rd1+ Bd4 45. Bxd4 exd4 46. Rb1 Rxa4 47. Rxb6 Ra2+ 48. Kf3 Ra3+ 49. Ke2 Ra2+ 50. Kf3 d3 51. Rb8 Kd4 52. Rb7 Kc3 53. Rxh7 Ra6 54. Rd7 d2 55. Rc7+ Kd3 56. Rd7+ Kc2 57. Rc7+ Kd1 58. Rd7 Re6 0-1

[Event "44th Chess Olympiad Open 2022"]
[Site "Chennai"]
[Date "2022.07.31"]
[Round "3.52"]
[White "Abugenda, Nagi"]
[Black "Escalona Landi, Samid Eduardo"]
[Result "1/2-1/2"]
[WhiteElo "1991"]
[BlackElo "2191"]
[Annotator "RC"]
[PlyCount "80"]
[EventDate "2022.??.??"]
[TimeControl "60"]

1. e4 c5 2. Nf3 Nc6 3. d4 cxd4 4. Nxd4 Qb6 5. Nb3 Nf6 6.
Nc3 e6 7. Be3 Qc7 8. a3 a6 9. Be2 Be7 10. O-O O-O 11. f4 d6 12. Bf3 b5 13.
Qe2 Bb7 14. Qf2 Rac8 15. Rad1 b4 16. Bb6 Qb8 17. axb4 Nxb4 18. Bd4 d5 19. exd5 Nbxd5 20. Be5 Qa8 21. Na5 Bc5 22. Bd4 Nxc3 23.
bxc3 Bxf3 24. Qxf3 Qe4 25. Nb3 Bxd4+ 26. Nxd4 Rc4 27. Ra1 Rfc8 28. Rxa6 Rxc3 29. Qxe4 Nxe4 30. Ra7 R3c4 31. Rd1 g5 32. Nxe6 fxe6 33. Rdd7 Nf6 34. Rg7+ Kh8 35. fxg5 Ne8 36. Rxh7+ Kg8 37. Rhe7 Nc7 38. h4 Rxc2 39. h5 Rc5 40. g6 Rxh5 1/2-1/2